 Dungeon Crawl Stone Soup version 0.28-a0-1594-ga885d4b3d6 (webtiles) character file.

Game seed: 16437236561445108749

37 a3don the Grave Robber (level 3, -4/24 HPs)
             Began as a Mummy Necromancer on Jan 21, 2022.
             Was an Initiate of Nemelex Xobeh.
             Shot with a stone by a goblin (6 damage)
             ... led by Robin
             ... on level 2 of the Dungeon.
             The game lasted 00:04:01 (2441 turns).

a3don the Grave Robber (Mummy Necromancer)          Turns: 2441, Time: 00:04:02

Health: -4/24      AC:  2    Str: 11    XL:     3   Next: 21%
Magic:  6/7        EV: 12    Int: 16    God:    Nemelex Xobeh [......]
Gold:   71         SH:  0    Dex: 12    Spells: 7/8 levels left

rFire   x . .      SeeInvis .   g - +0 spear
rCold   + . .      Faith    .   (no shield)
rNeg    + + +      Spirit   .   b - +0 robe
rPois   ∞          Reflect  .   (no helmet)
rElec   .          Harm     .   (no cloak)
rCorr   .          Rampage  .   (no gloves)
Will    .....                   (no boots)
Stlth   ++........              (no amulet)
HPRegen 0.08/turn               (no ring)
MPRegen 0.10/turn               (no ring)

@: no status effects
A: cold resistance 1, negative energy resistance 3, torment resistance 2, heat
vulnerability 1, no potions
a: Renounce Religion, Draw Escape, Draw Destruction, Draw Summoning


You were on level 2 of the Dungeon.
You worshipped Nemelex Xobeh.
Nemelex Xobeh was noncommittal.
You visited 1 branch of the dungeon, and saw 2 of its levels.

You collected 71 gold pieces.

Inventory:

Hand Weapons
 a - a +0 club
 c - a +0 short sword
 g - a +0 spear (weapon)
Missiles
 f - 5 poisoned darts
Armour
 b - a +0 robe (worn)
Scrolls
 e - a scroll of blinking {unknown}
 h - 3 scrolls of acquirement {unknown}
 i - a scroll of identify {unknown}


   Skills:
 + Level 2.0 Dodging
 + Level 2.1 Stealth
 + Level 3.2 Spellcasting
 + Level 4.3 Necromancy


You had 7 spell levels left.
You knew the following spells:

 Your Spells              Type           Power      Damage    Failure   Level
a - Pain                  Necr           64%        1d7       3%          1

Your spell library contained the following spells:

 Spells                   Type           Power      Damage    Failure   Level
 Animate Skeleton         Necr           32%        N/A       3%          1
 Vampiric Draining        Necr           16%        2d7       10%         3
 Shock                    Conj/Air       8%         1d3       19%         1
 Animate Dead             Necr           8%         N/A       30%         4
 Swiftness                Air            2%         N/A       50%         3
 Agony                    Necr           16%        N/A       65%         5
 Airstrike                Air            1%         N/A       88%         4


Dungeon Overview and Level Annotations

Branches:
Dungeon (2/15)

Altars:
Nemelex Xobeh

Annotations:
D:2 Robin


Innate Abilities, Weirdness & Mutations

You are immune to poison.
Your flesh is cold resistant. (rC+)
You are immune to negative energy. (rN+++)
You are immune to unholy pain and torment.
You are vulnerable to heat. (rF-)
You do not drink.


Message History

You hear a shout!
The goblin shoots a sling bullet.
The sling bullet misses you. The goblin hits you but does no damage.
You miss the goblin.
The goblin shoots a sling bullet.
The sling bullet barely misses you. The goblin hits you with a +0 club.
You closely miss the goblin.
The goblin shoots a sling bullet.
The sling bullet hits you. Robin throws the goblin at you!
The goblin closely misses you.
You are too injured to fight recklessly!
You are too injured to fight recklessly!
You hit the goblin.
The goblin is heavily wounded.
A goblin comes into view. It is wielding a +0 club.
The goblin unwields a +0 hunting sling.
The goblin wields a +0 dagger.
The goblin hits you with a +0 dagger.
* * * LOW HITPOINT WARNING * * *
The goblin hits you with a +0 club.
* * * LOW HITPOINT WARNING * * *
Casting: Pain (safe; 3% risk of failure)
Confirm with . or Enter, or press ? or * to list all spells.
Aiming: Pain (safe; 3% risk of failure)
Press: ? - help, Shift-Dir - straight line, f/p - goblin
Aim: a goblin, wielding a +0 dagger and quivering sling bullets (almost dead, chance to affect: 86%)
The goblin barely resists.
The goblin shouts!
The goblin barely misses you. The goblin hits you with a +0 dagger.
* * * LOW HITPOINT WARNING * * *
Casting: Pain (safe; 3% risk of failure)
Confirm with . or Enter, or press ? or * to list all spells.
Okay, then.
As you read the scroll labelled KEFEUN TONTENU, it crumbles to dust.
You assume a fearsome visage.
Robin looks frightened!
The goblin looks frightened! x4; It was a scroll of fear.
You see here 4 boomerangs.
A goblin opens the door.
The goblin shoots a stone.
The stone hits you.
* * * LOW HITPOINT WARNING * * *
You hear a shout!
The goblin shoots a stone.
The stone hits you.
You die...
Your body disappears without a glow.

...#.###...# #..?....g.#
#####.
#.......#.###g........#
#.#.#####..##.........#
#.##.g...##.........#
#.##.###..#......g..#
#.##g# #.#)(.......#
######....####g..........#
.....##.......#.....g....#
#
##.#.##...g...#.@###'#####
. ......+.......##.# .# .
...#g##.......##.# .
##.#g##.......##.. .
#.#.##.......###. #
#.#.#######+## .# #.#g# ..
#.g.# #. ##g###


You could see Robin (fleeing) and 3 goblins.

Vanquished Creatures
  An adder (D:2)
  A worm (D:2)
  A ball python (D:1)
  3 endoplasms
  2 giant cockroaches (D:1)
  4 goblins
  3 hobgoblins
  A kobold (D:2)
  A quokka (D:1)
  2 bats
  4 rats
23 creatures vanquished.

Notes
Turn   | Place    | Note
-------+----------+-------------------------------------------
     0 | D:1      | a3don the Mummy Necromancer began the quest for the Orb.
     0 | D:1      | Reached XP level 1. HP: 13/13 MP: 4/4
   470 | D:1      | Reached XP level 2. HP: 19/19 MP: 3/5
  1347 | D:2      | Noticed Robin
  1562 | D:2      | Found a sparkling altar of Nemelex Xobeh.
  1567 | D:2      | Became a worshipper of Nemelex Xobeh the Trickster
  2098 | D:2      | Reached XP level 3. HP: 11/24 MP: 0/7
  2348 | D:2      | Found a faded altar of an unknown god.
  2439 | D:2      | HP: 1/24 [goblin/stone[Robin] (3)]
  2441 | D:2      | Shot with a stone by a goblin

Illustrated notes

Levels and vault maps discovered:
D:1:      lemuel_arrival_funnel, layout_loops_corners, hangedman_decor_lopped,
          minmay_unequal
D:2:      layout_basic, basic_altar, shapermc_ecumenical_altar_starsandcircs,
          uniq_crazy_yiuf_cottage, uniq_sigmund, uniq_jessica, uniq_robin

Skill      XL: |  1  2 |
---------------+-------+-----
Spellcasting   | 3 |  3.2
Stealth        | 2 |  2.1
Dodging        | 2 |  2.0
Necromancy     | |  4.3

Action                   || total
-------------------------++-------
Melee: Club              ||     4
       Unarmed           ||     3
       Spear             ||    33
       Short sword       ||     4
 Cast: Pain              ||    48
  Use: Scroll            ||     1
 Stab: Sleeping          ||     1
Armor: Robe              ||     8
Dodge: Dodged            ||    37

Table legend: (Time is in decaauts)
 A = Elapsed time spent in this place.
 B = Non-inter-level travel time spent in this place.
 C = Inter-level travel time spent in this place.
 D = Time resting spent in this place.
 E = Time spent auto-exploring this place.
 F = Levels seen in this place.
 G = Mean time per level.
                   A        B        C        D        E       F      G
               +--------+--------+--------+--------+--------+-----+--------+
         Total |   2446 |   2398 |     48 |    775 |   1292 |   2 | 1223.0 |
       Dungeon |   2446 |   2398 |     48 |    775 |   1292 |   2 | 1223.0 |
               +--------+--------+--------+--------+--------+-----+--------+

Top non-repeatable levels by time:
     D:1: 1517 daAuts
     D:2: 928 daAuts
